Map: Año Cero EE

Players

JKD - Winner!

  • Race: Protoss Protoss
  • League: Diamond
  • Spawn Location: 1:00

chavesaaron

  • Race: Terran Terran
  • League: Diamond
  • Spawn Location: 11:00

VOD

Have the link to the VOD?

Description

Time

  • Played on: April 11, 2019, 12:13 a.m.
  • Length: 10:01
Show
View Real Time Build Order
Export as new Build Order

JKD Protoss - Winner!

Build Orders: 1 Gate Expand, Oracle Opening, Chargelot Immortal 

Get SALT Encoding   

  12  0:01  Probe  
  13  0:13  Probe  
  14  0:22  Pylon  
  14  0:25  Probe  
  15  0:37  Probe  
  15  0:42  Gateway  
  16  0:45  Probe  
  16  0:49  Assimilator  
  17  0:54  Probe  
  18  1:09  Probe  
  19  1:22  Probe  
  20  1:30  Cybernetics Core  
  20  1:41  Probe  
  20  1:44  Nexus  
  21  1:53  Assimilator  
  22  1:54  Probe  
  22  2:14  Warp Gate  
  22  2:15  Pylon  
  22  2:21  Probe  
  23  2:27  Adept  
  25  2:40  Probe  
  26  2:44  Stargate  
  26  2:55  Probe  
  26  3:03  Probe  
  26  3:04  Probe, Stalker  
  28  3:11  Probe  
  30  3:18  Oracle  
  31  3:20  Probe  
  31  3:21  Probe  
  33  3:32  Probe  
  33  3:33  Probe  
  38  3:43  Stalker  
  38  3:46  Probe x2  
  38  3:47  Gateway  
  42  3:49  Gateway  
  42  3:53  Oracle  
  42  3:57  Pylon  
  44  4:10  Probe x2  
  44  4:14  Pylon  
  45  4:21  Twilight Council  
  45  4:30  Probe x2  
  47  4:34  Zealot  
  49  4:45  Probe  
  49  4:46  Probe, Stalker x2  
  55  4:52  Pylon  
  55  4:57  Assimilator  
  55  4:58  Probe x2  
  55  4:59  Assimilator  
  57  5:02  Robotics Facility  
  57  5:12  Probe x2  
  59  5:15  Charge  
  59  5:27  Probe x2  
  61  5:30  Zealot x3  
  67  5:38  Gateway  
  67  5:40  Gateway  
  67  5:42  Gateway  
  67  5:47  Observer  
  67  5:53  Zealot  
  70  5:58  Pylon  
  70  6:00  Pylon  
  70  6:06  Forge  
  70  6:16  Probe x2  
  72  6:28  Probe x2  
  74  6:40  Probe, Zealot x4  
  74  6:41  Zealot  
  74  6:45  Protoss Ground Weapons Level 1  
  85  7:04  Immortal  
  85  7:05  Shield Battery x2  
  77  7:10  Sentry, Stalker x3  
  77  7:12  Stalker x2  
  80  7:19  Pylon  
  80  7:21  Pylon  
  80  7:22  Nexus, Pylon  
  74  7:37  Zealot x6  
  82  7:46  Immortal  
  70  7:52  Probe x2  
  70  7:56  Assimilator  
  70  7:57  Pylon  
  66  8:02  Stalker  
  66  8:04  Probe, Stalker  
  71  8:33  Immortal  
  71  8:35  Gateway x2  
  75  8:49  Templar Archives  
  75  8:50  Zealot  
  75  8:51  Zealot x4  
  85  9:06  Immortal  
  89  9:18  Pylon, Sentry x2  
  89  9:19  Zealot x4  
  101  9:37  High Templar x2  
  99  9:46  Archon  
Show
View Real Time Build Order
Export as new Build Order

chavesaaron Terran 

Build Orders: Reaper Expand 

Get SALT Encoding   

  12  0:02  SCV  
  13  0:15  SCV  
  13  0:20  Supply Depot  
  14  0:28  SCV  
  15  0:41  SCV  
  16  0:42  Barracks  
  16  0:51  Refinery  
  16  0:53  SCV  
  17  1:06  SCV  
  18  1:22  SCV  
  19  1:36  Reaper  
  19  1:37  Orbital Command  
  20  1:53  Command Center  
  20  2:05  SCV  
  21  2:09  Barracks Reactor  
  21  2:12  Supply Depot  
  21  2:17  SCV  
  21  2:19  Refinery  
  22  2:30  SCV  
  22  2:37  Factory  
  23  2:42  Barracks  
  24  2:44  SCV  
  24  3:04  Marine x2  
  26  3:19  Bunker  
  26  3:20  Orbital Command  
  26  3:24  Factory Tech Lab  
  26  3:25  Starport  
  26  3:29  Marine x2  
  26  3:31  Barracks Tech Lab  
  28  3:35  SCV  
  29  3:46  SCV  
  29  3:47  SCV  
  31  3:53  Stimpack  
  31  3:54  Siege Tank  
  34  4:01  Marine x2  
  36  4:02  Starport Reactor  
  36  4:06  Supply Depot  
  36  4:12  Supply Depot  
  36  4:14  SCV  
  37  4:17  SCV  
  37  4:19  Refinery  
  37  4:22  Marauder  
  34  4:40  Medivac x2  
  38  4:45  Marine x2  
  38  4:47  Marauder  
  42  5:01  SCV  
  42  5:02  SCV  
  44  5:12  Marine x2  
  44  5:13  Marauder  
  48  5:14  Siege Tank  
  48  5:19  SCV  
  48  5:20  SCV  
  53  5:25  Supply Depot, Liberator  
  53  5:31  SCV  
  53  5:32  SCV  
  53  5:35  Marine x2, Marauder  
  57  5:55  SCV x2  
  59  6:03  Engineering Bay  
  59  6:04  Supply Depot  
  59  6:08  Marauder  
  61  6:19  Marine x2  
  61  6:24  Siege Tank  
  64  6:31  Marine  
  63  6:37  Marine  
  55  7:22  Marine x3  
  58  7:24  Siege Tank  
  58  7:39  Marine  
  58  7:40  Marauder  
  37  8:02  Marauder  
  39  8:09  Liberator x2  
  39  8:23  Marine x2, Marauder  
  39  8:24  Siege Tank  
  52  8:30  SCV x2  
  54  8:41  Marine x2  
  56  8:42  SCV x2  
  56  8:44  Marauder  
  60  8:58  Siege Tank, Marine  
  60  8:59  Marine  
  65  9:15  Marauder  
  65  9:16  Marine x2  
  69  9:24  Supply Depot  
  69  9:25  Supply Depot x2  
  69  9:34  Marine x2  
  69  9:36  Marauder  
Tags
 
Add a new tag
Caveats
  • Supply blocks, unpowered buildings, or Contaminate may cause inaccurate times.
  • Supply counts are checked every 10 seconds.